[ AOE2 MATCH · #507038971 ]
UnrankedMagyars vs Sicilians
Player's team · WIN
Rival team · LOSS
[ REPLAY ANALYSIS · EXTRACTED FROM THE RECORDED GAME ]
Feudal
12:44
Castle
—
Imperial
—
| APM avg | 61.2 |
| APM peak | 92 |
| eAPM avg | 24.1 |
| Villagers / military | 40 / 21 |
Focus
⚔️ 37.6% · 🌾 62.4%
Archer ×9 · Militia ×9 · Skirmisher ×3
Feudal
12:14
Castle
—
Imperial
—
| APM avg | 65.0 |
| APM peak | 102 |
| eAPM avg | 29.7 |
| Villagers / military | 38 / 21 |
Focus
⚔️ 36.3% · 🌾 63.7%
Serjeant ×8 · Militia ×6 · Archer ×4 · Skirmisher ×3
Match map
Initial resources + every placement click. Lines = walls · curves = elevation contours. ◆ gold · ⬟ stone · ● berries · ✦ relic · ◌ wall gap
Your base· Open — 5t gap
半月回淑's base· Open — unwalled flank
Smoothed initial terrain · ◌ = detected wall gap · hover for details
Inputs per minute
— flightlessbird - - 半月回淑
Build order — flightlessbird
115 actions detected in the replay
| 0:01 | Queue | Villager (Male) |
| 0:01 | Queue | Villager (Male) |
| 0:01 | Queue | Villager (Male) |
| 0:02 | Build | House |
| 0:03 | Build | House |
| 0:04 | Queue | Villager (Male) |
| 1:26 | Queue | Villager (Male) |
| 1:26 | Queue | Villager (Male) |
| 1:57 | Queue | Villager (Male) |
| 2:18 | Queue | Villager (Male) |
| 2:50 | Queue | Villager (Male) |
| 2:53 | Build | Barracks |
| 3:13 | Queue | Villager (Male) |
| 3:19 | Build | House |
| 3:49 | Queue | Villager (Male) |
| 4:01 | Queue | Militia |
| 4:02 | Queue | Militia |
| 4:19 | Queue | Villager (Male) |
| 4:30 | Queue | Militia |
| 4:37 | Queue | Villager (Male) |
| 4:47 | Build | House |
| 5:02 | Queue | Villager (Male) |
| 5:21 | Queue | Militia |
| 5:29 | Queue | Villager (Male) |
| 5:46 | Queue | Villager (Male) |
| 5:48 | Build | House |
| 5:59 | Queue | Villager (Male) |
| 6:21 | Queue | Villager (Male) |
| 6:38 | Build | Mill |
| 6:48 | Queue | Villager (Male) |
| 7:11 | Queue | Villager (Male) |
| 7:26 | Build | Farm |
| 7:41 | Queue | Villager (Male) |
| 7:51 | Queue | Militia |
| 7:54 | Build | Farm |
| 8:03 | Queue | Villager (Male) |
| 8:15 | Queue | Militia |
| 8:20 | Build | House |
| 8:37 | Queue | Villager (Male) |
| 8:55 | Queue | Villager (Male) |
| 9:28 | Build | Lumber Camp |
| 9:44 | Queue | Villager (Male) |
| 9:56 | Research | Loom |
| 10:31 | Research | Feudal Age |
| 10:53 | Build | Mining Camp |
| 10:56 | Build | House |
| 11:10 | Queue | Militia |
| 11:10 | Queue | Militia |
| 11:17 | Build | House |
| 11:36 | Build | Farm |
| 11:40 | Build | House |
| 12:05 | Build | House |
| 12:11 | Queue | Militia |
| 12:44 | Age | Feudal Age |
| 12:49 | Research | Man-at-Arms (upgrade) |
| 13:01 | Queue | Villager (Male) |
| 13:19 | Queue | Villager (Male) |
| 13:21 | Build | Archery Range |
| 13:32 | Build | Farm |
| 13:34 | Build | Farm |
| 13:39 | Build | Farm |
| 13:51 | Build | Farm |
| 13:52 | Queue | Villager (Male) |
| 13:59 | Build | Farm |
| 14:03 | Build | House |
| 14:32 | Queue | Archer |
| 14:34 | Queue | Villager (Male) |
| 14:42 | Queue | Archer |
| 14:44 | Build | Farm |
| 14:47 | Build | Farm |
| 14:49 | Build | Farm |
| 15:01 | Queue | Villager (Male) |
| 15:01 | Queue | Villager (Male) |
| 15:02 | Build | House |
| 15:03 | Build | Palisade Wall |
| 15:12 | Queue | Archer |
| 15:19 | Build | Palisade Wall |
| 15:26 | Build | Farm |
| 15:29 | Queue | Villager (Male) |
| 15:33 | Build | Palisade Wall |
| 15:42 | Build | House |
| 15:43 | Build | Palisade Wall |
| 15:53 | Queue | Villager (Male) |
| 16:06 | Queue | Archer |
| 16:10 | Queue | Villager (Male) |
| 16:19 | Build | Farm |
| 16:28 | Queue | Villager (Male) |
| 16:45 | Queue | Villager (Male) |
| 17:18 | Queue | Villager (Male) |
| 17:34 | Queue | Villager (Male) |
| 17:36 | Build | Blacksmith |
| 17:48 | Build | Palisade Gate |
| 17:59 | Queue | Archer |
| 18:02 | Queue | Villager (Male) |
| 18:23 | Build | House |
| 18:36 | Queue | Villager (Male) |
| 18:44 | Queue | Skirmisher |
| 19:04 | Build | Lumber Camp |
| 19:14 | Research | Castle Age |
| 19:14 | Research | Castle Age |
| 19:15 | Queue | Skirmisher |
| 19:17 | Queue | Skirmisher |
| 19:22 | Build | House |
| 19:24 | Build | Palisade Wall |
| 19:29 | Queue | Archer |
| 19:39 | Research | Double-Bit Axe |
| 19:39 | Research | Double-Bit Axe |
| 19:40 | Research | Horse Collar |
| 19:46 | Research | Fletching |
| 19:46 | Research | Fletching |
| 19:54 | Queue | Archer |
| 20:18 | Build | Archery Range |
| 20:29 | Queue | Archer |
| 21:01 | Queue | Archer |
| 21:04 | Research | Padded Archer Armor |
Build order — 半月回淑
141 actions detected in the replay
| 0:00 | Queue | Villager (Male) |
| 0:01 | Queue | Villager (Male) |
| 0:02 | Build | House |
| 0:03 | Build | House |
| 0:11 | Queue | Villager (Male) |
| 0:11 | Queue | Villager (Male) |
| 1:43 | Queue | Villager (Male) |
| 1:43 | Queue | Villager (Male) |
| 2:03 | Queue | Villager (Male) |
| 2:05 | Build | Lumber Camp |
| 2:21 | Queue | Villager (Male) |
| 2:37 | Queue | Villager (Male) |
| 2:37 | Queue | Villager (Male) |
| 3:13 | Queue | Villager (Male) |
| 3:25 | Queue | Villager (Male) |
| 3:53 | Build | House |
| 4:07 | Queue | Villager (Male) |
| 4:27 | Build | Barracks |
| 4:35 | Queue | Villager (Male) |
| 4:57 | Queue | Villager (Male) |
| 5:04 | Build | House |
| 5:20 | Queue | Militia |
| 5:20 | Queue | Militia |
| 5:22 | Queue | Militia |
| 5:23 | Queue | Villager (Male) |
| 5:38 | Queue | Villager (Male) |
| 5:56 | Queue | Militia |
| 6:12 | Queue | Villager (Male) |
| 6:26 | Queue | Militia |
| 6:34 | Build | Mill |
| 6:42 | Queue | Villager (Male) |
| 6:45 | Build | House |
| 6:52 | Build | Palisade Wall |
| 6:55 | Build | House |
| 6:57 | Build | Palisade Wall |
| 7:03 | Queue | Militia |
| 7:04 | Queue | Villager (Male) |
| 7:19 | Queue | Villager (Male) |
| 8:06 | Queue | Villager (Male) |
| 8:26 | Queue | Villager (Male) |
| 8:37 | Build | Mill |
| 8:57 | Build | Palisade Wall |
| 8:59 | Build | Palisade Wall |
| 9:02 | Build | Palisade Wall |
| 9:03 | Build | Palisade Wall |
| 9:30 | Build | Palisade Wall |
| 9:31 | Build | Palisade Wall |
| 9:34 | Build | Palisade Wall |
| 9:41 | Build | Palisade Wall |
| 9:43 | Build | Palisade Wall |
| 10:04 | Research | Feudal Age |
| 10:05 | Research | Feudal Age |
| 10:05 | Research | Feudal Age |
| 10:25 | Build | Mining Camp |
| 10:38 | Build | Palisade Wall |
| 10:43 | Build | Palisade Wall |
| 10:44 | Build | Palisade Wall |
| 10:50 | Build | Palisade Wall |
| 10:53 | Build | Farm |
| 11:01 | Build | Palisade Wall |
| 11:10 | Build | Farm |
| 11:42 | Build | Donjon |
| 11:45 | Build | Palisade Wall |
| 11:49 | Build | Farm |
| 11:57 | Build | Palisade Wall |
| 11:58 | Build | Palisade Wall |
| 12:00 | Build | Palisade Wall |
| 12:01 | Build | Farm |
| 12:14 | Age | Feudal Age |
| 12:42 | Queue | Villager (Male) |
| 13:11 | Queue | Villager (Male) |
| 13:23 | Queue | Villager (Male) |
| 13:48 | Build | Farm |
| 13:54 | Build | Palisade Wall |
| 13:55 | Build | Palisade Wall |
| 13:58 | Build | Archery Range |
| 13:59 | Build | Palisade Wall |
| 14:02 | Build | House |
| 14:03 | Build | Palisade Wall |
| 14:04 | Build | Palisade Wall |
| 14:08 | Research | Double-Bit Axe |
| 14:10 | Build | House |
| 14:11 | Build | Palisade Wall |
| 14:13 | Queue | Villager (Male) |
| 14:18 | Build | Palisade Wall |
| 14:26 | Build | Palisade Wall |
| 14:32 | Build | Palisade Wall |
| 14:34 | Build | Palisade Wall |
| 14:38 | Queue | Villager (Male) |
| 14:53 | Build | House |
| 15:07 | Build | Farm |
| 15:13 | Queue | Serjeant |
| 15:14 | Queue | Serjeant |
| 15:14 | Queue | Serjeant |
| 15:20 | Build | Archery Range |
| 15:21 | Build | Palisade Wall |
| 15:28 | Build | House |
| 15:34 | Build | Farm |
| 15:39 | Build | Palisade Wall |
| 15:47 | Queue | Serjeant |
| 15:47 | Queue | Serjeant |
| 15:49 | Build | Farm |
| 15:51 | Build | Farm |
| 15:56 | Build | Palisade Wall |
| 15:57 | Build | Palisade Wall |
| 16:03 | Queue | Serjeant |
| 16:03 | Queue | Serjeant |
| 16:34 | Build | Farm |
| 16:51 | Queue | Villager (Male) |
| 17:07 | Queue | Villager (Male) |
| 17:16 | Queue | Archer |
| 17:17 | Queue | Villager (Male) |
| 17:18 | Queue | Villager (Male) |
| 17:20 | Build | Farm |
| 17:22 | Build | Farm |
| 17:31 | Build | Farm |
| 17:36 | Queue | Serjeant |
| 18:07 | Queue | Villager (Male) |
| 18:16 | Queue | Villager (Male) |
| 18:23 | Queue | Archer |
| 18:31 | Build | Blacksmith |
| 18:32 | Research | Horse Collar |
| 18:35 | Queue | Archer |
| 18:44 | Build | Farm |
| 18:48 | Build | Farm |
| 18:48 | Queue | Villager (Male) |
| 18:56 | Build | House |
| 19:06 | Build | Farm |
| 19:12 | Queue | Villager (Male) |
| 19:16 | Queue | Skirmisher |
| 19:27 | Build | Palisade Gate |
| 19:30 | Build | House |
| 19:31 | Queue | Villager (Male) |
| 19:36 | Queue | Archer |
| 19:58 | Research | Fletching |
| 19:58 | Research | Fletching |
| 20:05 | Queue | Skirmisher |
| 20:28 | Research | Wheelbarrow |
| 20:30 | Research | Loom |
| 20:45 | Queue | Skirmisher |
| 21:00 | Queue | Villager (Male) |
Match timeline
| 2:53 | flightlessbird · first_building Barracks |
| 4:27 | 半月回淑 · first_building Barracks |
| 6:52 | 半月回淑 · wall_segment Palisade Wall x1 |
| 6:57 | 半月回淑 · wall_segment Palisade Wall x1 |
| 8:57 | 半月回淑 · wall_segment Palisade Wall x1 |
| 8:59 | 半月回淑 · wall_segment Palisade Wall x3 |
| 9:02 | 半月回淑 · wall_segment Palisade Wall x1 |
| 9:03 | 半月回淑 · wall_segment Palisade Wall x1 |
| 9:30 | 半月回淑 · wall_segment Palisade Wall x1 |
| 9:31 | 半月回淑 · wall_segment Palisade Wall x1 |
| 9:34 | 半月回淑 · wall_segment Palisade Wall x1 |
| 9:41 | 半月回淑 · wall_segment Palisade Wall x1 |
| 9:43 | 半月回淑 · wall_segment Palisade Wall x1 |
| 10:38 | 半月回淑 · wall_segment Palisade Wall x1 |
| 10:43 | 半月回淑 · wall_segment Palisade Wall x1 |
| 10:44 | 半月回淑 · wall_segment Palisade Wall x1 |
| 10:50 | 半月回淑 · wall_segment Palisade Wall x1 |
| 11:01 | 半月回淑 · wall_segment Palisade Wall x1 |
| 11:42 | 半月回淑 · first_building Donjon |
| 11:45 | 半月回淑 · wall_segment Palisade Wall x1 |
| 11:57 | 半月回淑 · wall_segment Palisade Wall x1 |
| 11:58 | 半月回淑 · wall_segment Palisade Wall x1 |
| 12:00 | 半月回淑 · wall_segment Palisade Wall x1 |
| 12:14 | 半月回淑 · age_up feudal |
| 12:44 | flightlessbird · age_up feudal |
| 13:21 | flightlessbird · first_building Archery Range |
| 13:54 | 半月回淑 · wall_segment Palisade Wall x1 |
| 13:55 | 半月回淑 · wall_segment Palisade Wall x1 |
| 13:58 | 半月回淑 · first_building Archery Range |
| 13:59 | 半月回淑 · wall_segment Palisade Wall x1 |
| 14:03 | 半月回淑 · wall_segment Palisade Wall x1 |
| 14:04 | 半月回淑 · wall_segment Palisade Wall x2 |
| 14:11 | 半月回淑 · wall_segment Palisade Wall x8 |
| 14:18 | 半月回淑 · wall_segment Palisade Wall x1 |
| 14:26 | 半月回淑 · wall_segment Palisade Wall x1 |
| 14:32 | 半月回淑 · wall_segment Palisade Wall x1 |
| 14:34 | 半月回淑 · wall_segment Palisade Wall x1 |
| 15:03 | flightlessbird · wall_segment Palisade Wall x4 |
| 15:19 | flightlessbird · wall_segment Palisade Wall x10 |
| 15:21 | 半月回淑 · wall_segment Palisade Wall x1 |
| 15:33 | flightlessbird · wall_segment Palisade Wall x18 |
| 15:39 | 半月回淑 · wall_segment Palisade Wall x1 |
| 15:43 | flightlessbird · wall_segment Palisade Wall x4 |
| 15:56 | 半月回淑 · wall_segment Palisade Wall x1 |
| 15:57 | 半月回淑 · wall_segment Palisade Wall x1 |
| 19:24 | flightlessbird · wall_segment Palisade Wall x1 |
| 21:05 | 半月回淑 · resign |
[ AI ANALYSIS · 1 CREDIT ]
What really happened in this match?
Wolo.gg analyzes every decision: build order, eco, micro, common mistakes by bracket. Personalized analysis on WhatsApp or Discord in 30 seconds.
Civ guide
Magyars
Perfil
Jugador #285508